 Dungeon Crawl Stone Soup version 0.16-a0-4072-gc5a8185 (webtiles) character file.

19348 ketsa the Arsonist (level 12, -6/100 HPs)
             Began as a Demigod Fire Elementalist on Feb 21, 2015.
             Mangled by Snorg (18 damage)
             ... on level 1 of the Orcish Mines.
             The game lasted 01:47:05 (23318 turns).

ketsa the Arsonist (Demigod Fire Elementalist)     Turns: 23318, Time: 01:47:06

Health: -6/100     AC: 10    Str: 11    XL:     12   Next: 8%
Magic:  14/28      EV: 20    Int: 29    God:
Gold:   497        SH:  0    Dex: 18    Spells: 6 memorised, 5 levels left

rFire  + . .     SeeInvis .     E - +2 dagger (venom)
rCold  . . .     Clarity  .     g - +0 robe
rNeg   . . .     SustAb   +     (no shield)
rPois  +         Gourm    .     F - +2 helmet
rElec  .         Spirit   .     l - +2 cloak
rCorr  .         Warding  .     R - +1 pair of gloves of Rawox {rPois rF+}
rMut   +         Stasis   .     (no boots)
MR     +....                    J - amulet of resist mutation
Stlth  ++........               X - +4 ring of intelligence
                                u - +3 ring of evasion

@: about to teleport, very slightly contaminated, somewhat resistant to hostile
enchantments, unstealthy
A: sustain abilities
a: no special abilities


You were on level 1 of the Orcish Mines.
You were hungry.

You visited 4 branches of the dungeon, and saw 17 of its levels.

You collected 763 gold pieces.
You spent 266 gold pieces at shops.

Inventory:

Hand weapons
 a - a +0 blowgun
 B - a +1 dagger of pain
 E - a +2 dagger of venom (weapon)
 W - a +3 rapier
Missiles
 o - 65 poisoned needles
 q - 6 javelins of penetration (quivered)
Armour
 g - a +0 robe (worn)
 l - a +2 cloak (worn)
 v - a +0 buckler
 F - a +2 helmet (worn)
 G - the +3 hat of Pondering {ponderous, MR+ MP+10 Int+5}
   (You took it off Gastronok on level 9 of the Dungeon)

   It affects your intelligence (+5).
   It affects your resistance to hostile enchantments.
   It affects your magic capacity (+10).
 M - a +4 ring mail
 R - the +1 pair of gloves of Rawox (worn) {rPois rF+}
   (You bought it in a shop on level 4 of the Dungeon)

   It protects you from fire.
   It protects you from poison.
 V - a +3 leather armour
Magical staves
 x - an uncursed staff of air
Jewellery
 u - a +3 ring of evasion (left hand)
 y - an uncursed ring of protection from fire
 C - an uncursed ring of protection from cold
 J - an amulet of resist mutation (around neck)
 S - a +3 ring of protection
 U - an uncursed ring of poison resistance
 X - a +4 ring of intelligence (right hand)
Magical devices
 e - a wand of polymorph (5)
 r - a wand of digging (10)
 H - a wand of confusion (18)
 N - a wand of slowing (24)
 P - a wand of cold (5)
Scrolls
 h - 2 scrolls of identify
 j - 3 scrolls of enchant weapon
 n - 4 scrolls of remove curse
 p - 2 scrolls of magic mapping
 K - a scroll of enchant armour
 Z - a scroll of fog
Potions
 k - a potion of restore abilities
 z - 4 potions of magic
 A - 2 potions of brilliance
 D - a potion of flight
 I - a potion of mutation {unknown}
 L - a potion of invisibility
 Q - 2 potions of agility
Books
 b - a book of Flames

   Spells                             Type                      Level
   a - Flame Tongue                   Conjuration/Fire             1
   b - Throw Flame                    Conjuration/Fire             2
   c - Conjure Flame                  Conjuration/Fire             3
   d - Inner Flame                    Hexes/Fire                   3
   e - Sticky Flame                   Conjuration/Fire             4
   f - Fireball                       Conjuration/Fire             5
 i - a book of Air

   Spells                             Type                      Level
   a - Shock                          Conjuration/Air              1
   b - Swiftness                      Charms/Air                   2
   c - Repel Missiles                 Charms/Air                   2
   d - Flight                         Charms/Air                   3
   e - Static Discharge               Conjuration/Air              3
   f - Lightning Bolt                 Conjuration/Air              5
 s - a book of Death

   Spells                             Type                      Level
   a - Corpse Rot                     Necromancy                   2
   b - Sublimation of Blood           Necromancy                   2
   c - Agony                          Necromancy                   5
   d - Dispel Undead                  Necromancy                   5
   e - Excruciating Wounds            Charms/Necromancy            5
   f - Bolt of Draining               Conjuration/Necromancy       5
 T - the Grimoire of Conjuration
   (You acquired it on level 3 of the Lair of Beasts)

   Spells                             Type                      Level
   a - Magic Dart                     Conjuration                  1
   b - Searing Ray                    Conjuration                  2
   c - Throw Flame                    Conjuration/Fire             2
   d - Force Lance                    Conjuration/Translocation    4
   e - Orb of Destruction             Conjuration                  7
Comestibles
 c - 9 bread rations
 d - 10 royal jellies
 m - 5 meat rations
 t - 7 beef jerkies
 O - 6 chunks of flesh


   Skills:
 + Level 7.1 Fighting
 - Level 4.1 Short Blades
 + Level 7.0 Dodging
 - Level 1.7 Stealth
 - Level 5.9 Spellcasting
 + Level 9.5 Conjurations
 + Level 4.6 Necromancy
 + Level 9.7 Fire Magic
 + Level 3.2 Evocations


You had 5 spell levels left.
You knew the following spells:

 Your Spells              Type           Power        Failure   Level  Hunger
a - Flame Tongue          Conj/Fire      #####        1%          1    None
b - Throw Flame           Conj/Fire      ######       1%          2    None
c - Conjure Flame         Conj/Fire      ######..     1%          3    None
d - Fireball              Conj/Fire      ######....   3%          5    #####..
e - Sticky Flame          Conj/Fire      ######..     1%          4    ###....
f - Sublimation of Blood  Necr           #####.....   1%          2    None


Dungeon Overview and Level Annotations

Branches:
Dungeon (10/15)            Temple (1/1) D:4            Lair (3/8) D:9
    Orc (3/4) D:9
  Swamp: Lair:3-6    Shoals: Lair:3-6     Snake: Lair:3-6    Spider: Lair:3-6
    Elf: Orc:3-4

Shops:
D:4 [

Annotations:
D:2 exclusion: oklob plant
D:8 exclusion: 2 doors
Orc:1 Snorg


Innate Abilities, Weirdness & Mutations

Your attributes are resistant to harm.


Message History

Snorg claws you but does no damage.
Snorg burns!
Snorg barely misses you. Snorg misses you. Snorg barely misses you.
Snorg burns!
Snorg burns!
Snorg rages.
Snorg bites you!! Snorg closely misses you. Snorg completely misses you.
There is a staircase back to the Dungeon, spattered with blood here.
Read which item? (? for menu, Esc to quit)
As you read the scroll of teleportation, it crumbles to dust.
You feel strangely unstable.
Snorg burns!
Snorg bites you!
* * * LOW HITPOINT WARNING * * *
Snorg claws you!
* * * LOW HITPOINT WARNING * * *
Snorg completely misses you.
Drink which item? (? for menu, Esc to quit)
You feel better.
Snorg burns!
Snorg bites you!
* * * LOW HITPOINT WARNING * * *
Snorg completely misses you. Snorg claws you!!
You die...

##### ##...###
#####....#.##
##...........##
#...)[รท.......#
##....###@....##
#####....###T.....#
#..#...####.......##
#........###.......#
#.......).###.....#.#
##......>)..#)...##
##.##>..[..)[[.#.#
###.(.........###
#...........#


You could see Snorg (berserk).

Vanquished Creatures
  Gastronok (D:9)
  3 hydras
  A black mamba (Lair:2)
  2 torpor snails (Lair:1)
  4 spiny frogs
  2 trolls (D:8)
  A two-headed ogre (D:9)
  7 blink frogs
  A basilisk (Lair:2)
  21 yaks
  A wyvern (D:8)
  A deep elf mage (D:8)
  6 wolves
  Grum (D:8)
  3 hungry ghosts
  A hippogriff (D:8)
  6 water moccasins
  A soldier ant (D:8)
  2 ice beasts
  A spider (D:8)
  2 necrophages (D:9)
  A black bear (D:9)
  2 centaurs
  7 orc warriors
  4 porcupines
  4 phantoms
  A boring beetle (D:8)
  7 crocodiles
  5 ogres
  Blork the orc (D:5)
  12 giant frogs
  2 big kobolds
  3 jellies
  A scorpion (D:8)
  4 electric eels (D:8)
  4 goliath beetles
  A vampire bat (D:5)
  A crimson imp (D:6)
  A giant frog zombie (D:9)
  A wasp zombie (D:6)
  4 orc priests
  6 hounds
  14 orc wizards
  9 worker ants
  A centaur skeleton (D:9)
  7 iguanas
  Ijyb (D:4)
  A hound zombie (D:8)
  Robin (D:2)
  10 gnolls
  15 adders
  30 river rats
  2 shadow imps
  3 giant mites
  4 worms
  An adder skeleton (D:8)
  10 giant geckos
  42 orcs
  4 ball pythons
  30 bats
  A bat skeleton (D:5)
  6 giant cockroaches
  17 hobgoblins
  18 kobolds
  8 quokkas
  A giant gecko skeleton (D:5)
  A giant gecko zombie (D:5)
  9 giant newts
  3 giant spores (D:8)
  A gnoll zombie (D:9)
  25 goblins
  9 jackals
  20 rats
  23 ballistomycetes (D:8)
467 creatures vanquished.

Vanquished Creatures (others)
  A sky beast (D:9)
  5 giant spores (D:8)
  A fungus (Lair:1)
7 creatures vanquished.

Grand Total: 474 creatures vanquished

Notes
Turn   | Place    | Note
--------------------------------------------------------------
     0 | D:1      | ketsa, the Demigod Fire Elementalist, began the quest for the Orb.
     0 | D:1      | Reached XP level 1. HP: 14/14 MP: 3/3
   353 | D:1      | Reached skill level 1 in Conjurations
   881 | D:1      | Reached XP level 2. HP: 17/20 MP: 0/4
   885 | D:1      | Learned a level 2 spell: Throw Flame
  1203 | D:1      | Reached skill level 3 in Fire Magic
  2300 | D:2      | Reached XP level 3. HP: 24/26 MP: 6/8
  3063 | D:2      | Found an ancient bone altar of Kikubaaqudgha.
  3122 | D:2      | Reached XP level 4. HP: 33/33 MP: 5/10
  3255 | D:2      | Found a blossoming altar of Fedhas.
  3288 | D:2      | Noticed an oklob plant
  3532 | D:2      | Noticed Robin
  3542 | D:2      | Killed Robin
  4166 | D:3      | Found a sparkling altar of Nemelex Xobeh.
  4620 | D:3      | Reached XP level 5. HP: 29/38 MP: 5/12
  4746 | D:3      | Noticed a phantom
  5232 | D:3      | Found a bloodstained altar of Trog.
  5365 | D:3      | Killed a phantom
  5613 | D:4      | Found a staircase to the Ecumenical Temple.
  5622 | Temple   | Entered the Ecumenical Temple
  5650 | D:4      | Reached XP level 6. HP: 45/45 MP: 11/16
  6016 | D:4      | Reached skill level 4 in Fire Magic
  6019 | D:4      | Noticed Ijyb
  6059 | D:4      | Killed Ijyb
  6149 | D:4      | Reached skill level 1 in Short Blades
  6171 | D:4      | Found Shrethryc's Antique Armour Shoppe.
  6216 | D:4      | Learned a level 3 spell: Conjure Flame
  6674 | D:5      | Entered Level 5 of the Dungeon
  6964 | D:5      | Reached XP level 7. HP: 50/50 MP: 10/18
  7790 | D:5      | Noticed Blork the orc
  7796 | D:5      | Killed Blork the orc
  8004 | D:5      | Found a radiant altar of Vehumet.
  8005 | D:5      | Found a white marble altar of Elyvilon.
  8094 | D:5      | Reached XP level 8. HP: 47/57 MP: 4/21
  8497 | D:5      | Found a blossoming altar of Fedhas.
  8893 | D:6      | Reached skill level 5 in Fire Magic
  9150 | D:5      | Reached skill level 5 in Dodging
  9273 | D:5      | Reached skill level 5 in Conjurations
  9363 | D:5      | Found a shadowy altar of Dithmenos.
 11754 | D:7      | Found a glowing golden altar of the Shining One.
 12173 | D:8      | Reached XP level 9. HP: 58/63 MP: 23/23
 12334 | D:8      | Reached skill level 1 in Fighting
 12371 | D:9      | Found a staircase to the Lair.
 12589 | D:8      | Learned a level 5 spell: Fireball
 12635 | D:8      | Reached skill level 6 in Conjurations
 12986 | D:8      | Noticed a troll
 13010 | D:8      | Killed a troll
 13284 | D:8      | Noticed Grum
 13374 | D:8      | Killed Grum
 13749 | D:8      | Reached skill level 7 in Conjurations
 15031 | D:9      | Reached XP level 10. HP: 78/78 MP: 20/25
 15483 | D:9      | Found a stormy altar of Qazlal.
 15762 | D:2      | Learned a level 4 spell: Sticky Flame
 16256 | D:8      | Reached skill level 5 in Fighting
 16574 | Lair:1   | Entered Level 1 of the Lair of Beasts
 16674 | D:9      | Reached skill level 8 in Conjurations
 16996 | D:10     | Entered Level 10 of the Dungeon
 17126 | D:4      | Bought a pair of ichor-stained gloves for 266 gold pieces
 17140 | D:4      | Identified the +1 pair of gloves of Rawox {rPois rF+} (You bought it in a shop on level 4 of the Dungeon)
 17224 | D:8      | Learned a level 2 spell: Sublimation of Blood
 17372 | D:9      | Noticed Gastronok
 17670 | Lair:1   | Reached skill level 1 in Necromancy
 17673 | Lair:1   | Reached skill level 5 in Spellcasting
 17768 | Lair:1   | Found a snail-covered altar of Cheibriados.
 18622 | Lair:1   | Noticed a four-headed hydra
 19205 | Lair:1   | Killed a four-headed hydra
 19205 | Lair:1   | Reached XP level 11. HP: 40/89 MP: 18/26
 20397 | Lair:2   | Reached skill level 9 in Fire Magic
 20649 | Lair:2   | Noticed a seven-headed hydra
 20681 | Lair:2   | Found a sacrificial altar of Ru.
 20732 | Lair:2   | Killed a seven-headed hydra
 20732 | Lair:2   | Reached skill level 1 in Evocations
 21755 | Lair:2   | Noticed a six-headed hydra
 21758 | Lair:2   | Killed a six-headed hydra
 21984 | Lair:3   | Identified a scroll of acquirement
 21987 | Lair:3   | Identified the Grimoire of Conjuration (You acquired it on level 3 of the Lair of Beasts)
 22650 | D:9      | Killed Gastronok
 22650 | D:9      | Reached XP level 12. HP: 46/100 MP: 8/28
 22972 | D:9      | Found a staircase to the Orcish Mines.
 23059 | Orc:1    | Entered Level 1 of the Orcish Mines
 23296 | Orc:2    | Noticed Snorg
 23318 | Orc:1    | Mangled by Snorg

Action                   |  1- 3 |  4- 6 |  7- 9 | 10-12 || total
-------------------------+-------+-------+-------+-------++-------
Melee: Unarmed           |    52 |       |       |       ||    52
       Short sword       |    25 |    25 |   120 |       ||   170
       Dagger            |       |    25 |   417 |   360 ||   802
Throw: Javelin           |     2 |     1 |       |       ||     3
 Cast: Flame Tongue      |    68 |    99 |   238 |   238 ||   643
       Throw Flame       |     4 |    52 |   140 |   115 ||   311
       Conjure Flame     |       |       |    12 |    23 ||    35
       Fireball          |       |       |       |    53 ||    53
       Sticky Flame      |       |       |       |    20 ||    20
       Sublimation of Bl |       |       |       |     4 ||     4
Evoke: Wand              |       |       |       |     1 ||     1
  Use: Scroll            |       |       |     8 |    22 ||    30
       Potion            |       |       |     3 |     2 ||     5
 Stab: Sleeping          |     1 |     1 |     4 |     1 ||     7
       Distracted        |       |       |     1 |       ||     1
  Eat: Chunk             |     8 |    13 |    13 |    20 ||    54
       Fruit             |       |       |    14 |     2 ||    16
       Pizza             |       |       |     1 |     1 ||     2
       Meat ration       |       |       |       |     4 ||     4
       Royal jelly       |       |       |       |     1 ||     1
